 Dungeon Crawl Stone Soup version 0.29-a0-322-g68df515428 (webtiles) character file.

Game seed: 2714676075413910577

253 Ajdolov the Slasher (level 6, -4/49 HPs)
             Began as a Barachi Brigand on Apr 8, 2022.
             Slain by a hornet (5 damage)
             ... on level 4 of the Dungeon.
             The game lasted 00:04:14 (3783 turns).

Ajdolov the Slasher (Barachi Brigand)               Turns: 3783, Time: 00:04:15

Health: -4/49      AC:  8    Str: 18    XL:     6   Next: 14%
Magic:  6/6        EV:  9    Int: 15    God:
Gold:   175        SH:  0    Dex: 15    Spells: 5/5 levels left

rFire   . . .      SeeInvis .   u - +6 falchion of Dullness {holy, Int+3}
rCold   . . .      Faith    .   (no shield)
rNeg    . . .      Spirit   .   i - +0 scale mail
rPois   .          Reflect  .   x - +0 helmet
rElec   .          Harm     .   c - +0 cloak
rCorr   .          Rampage  .   (no gloves)
Will    .....                   (no boots)
Stlth   +.........              (no amulet)
HPRegen 0.16/turn               n - +6 ring of strength
MPRegen 0.10/turn               (no ring)

@: lethally poisoned (-4 -> -10), slowed, very slow
A: amphibious, slowness 1, strong legs 1, +LOS
a: Hop


You were on level 4 of the Dungeon.
You visited 1 branch of the dungeon, and saw 4 of its levels.

You collected 175 gold pieces.

Inventory:

Hand Weapons
 u - the +6 falchion of Dullness (weapon) {holy, Int+3}
   (You found it on level 3 of the Dungeon)

   It has been blessed by the Shining One to cause great damage to the undead
   and demons.
   Int:       It affects your intelligence (+3).
Missiles
 d - 7 poisoned darts (quivered)
 e - 3 curare-tipped darts
Armour
 c - a +0 cloak (worn)
 i - a +0 scale mail (worn)
 x - a +0 helmet (worn)
Jewellery
 n - a +6 ring of strength (left hand)
Scrolls
 a - 2 scrolls of teleportation {unknown}
 f - a scroll of summoning {unknown}
 g - 2 scrolls of enchant weapon {unknown}
 j - 5 scrolls of identify {unknown}
 k - a scroll of enchant armour {unknown}
 l - a scroll of magic mapping {unknown}
 p - a scroll of silence {unknown}
 t - a scroll of vulnerability {unknown}
 w - a scroll of fog {unknown}
Potions
 b - a potion of brilliance {unknown}
 h - 3 potions of curing {unknown}
 m - a potion of berserk rage {unknown}
 o - 2 potions of heal wounds {unknown}
 q - a potion of resistance {unknown}
 r - a potion of might {unknown}
 s - a potion of degeneration {unknown}
 v - a potion of haste {unknown}


   Skills:
 + Level 4.7 Fighting
 - Level 2.1(4.0) Short Blades
 * Level 5.6(5.9) Long Blades
 - Level 2.0 Throwing
 - Level 1.1 Dodging
 - Level 3.6 Stealth


You had 5 spell levels left.
You didn't know any spells.
Your spell library contained the following spells:

 Spells                   Type           Power      Damage    Failure   Level
 Animate Skeleton         Necr           0%         N/A       67%         1
 Pain                     Necr           0%         1d4       67%         1
 Vampiric Draining        Necr           0%         2d6       95%         3


Dungeon Overview and Level Annotations

Branches:
Dungeon (4/15)
 Temple: D:4-7

Altars:
Elyvilon
Uskayaw


Innate Abilities, Weirdness & Mutations

You are amphibious.
You cover ground slowly.
You can hop short distances.
You have an extended range of vision and can be seen from far away.


Message History

You throw a poisoned dart. The poisoned dart hits the hornet.
The hornet is lightly wounded.
Unknown command.
You barely miss the hornet.
The hornet is lightly wounded.
The hornet stings you!
You suddenly lose the ability to move!
You can move again.
Unknown command.
You barely miss the hornet.
The hornet is lightly wounded.
The hornet barely misses you.
The hornet stings you but does no damage.
You hit the hornet.
The hornet is moderately wounded.
The hornet stings you but does no damage.
You hit the hornet.
The hornet is heavily wounded.
The hornet barely misses you. The hornet stings you.
You shrug off the repeated paralysis!
You hit the hornet but do no damage.
The hornet is heavily wounded.
The hornet looks more healthy.
The hornet stings you!
You are poisoned.
You feel yourself slow down.
You barely miss the hornet.
The hornet is heavily wounded.
You feel very sick. The hornet stings you!
* * * LOW HITPOINT WARNING * * *
You feel as though you will be slow longer.
The hornet stings you but does no damage.
You hit the hornet.
The hornet is severely wounded.
* * * LOW HITPOINT WARNING * * *
You feel very sick. The hornet stings you!
* * * LOW HITPOINT WARNING * * *
You feel as though you will be slow longer.
The hornet barely misses you. The hornet stings you.
You die...

### #.##.#
♣♣.......♣♣
>.. ..##.#
♣♣.....♣♣ ###
#.##.#
♣♣...♣♣ #.
#.# ♣♣.....♣♣
#..
♣♣.......♣♣
###
♣...≈≈≈...♣
♣♣..≈≈≈≈≈..♣♣
♣...≈≈_≈≈...♣
♣♣@.≈≈≈≈≈..♣♣
....#
♣.y.≈≈≈...♣
###.#
♣♣.......♣♣
♣♣.(...♣♣
♣♣(..♣♣
.....♣
.......♣
...≈≈≈...♣
#..≈≈≈≈≈..#


You could see a hornet.

Vanquished Creatures
  A scorpion (D:4)
  A hound (D:4)
  4 gnolls (D:3)
  5 adders
  An ufetubus (D:2)
  2 worms (D:2)
  2 dart slugs
  An orc (D:3)
  5 ball pythons
  13 endoplasms
  A giant cockroach (D:2)
  4 goblins
  4 hobgoblins
  5 jackals
  4 kobolds
  A quokka (D:2)
  6 bats
  5 frilled lizards
  2 rats
67 creatures vanquished.

Notes
Turn   | Place    | Note
-------+----------+-------------------------------------------
     0 | D:1      | Ajdolov the Barachi Brigand began the quest for the Orb.
     0 | D:1      | Reached XP level 1. HP: 17/17 MP: 1/1
   324 | D:1      | Reached skill level 1 in Long Blades
   496 | D:1      | Reached XP level 2. HP: 23/23 MP: 2/2
   541 | D:1      | Reached skill level 2 in Long Blades
  1162 | D:2      | Reached XP level 3. HP: 24/29 MP: 3/3
  1536 | D:2      | Reached skill level 3 in Long Blades
  2034 | D:2      | Reached XP level 4. HP: 21/35 MP: 4/4
  2653 | D:3      | Reached skill level 4 in Long Blades
  2829 | D:3      | Identified the +6 falchion of Dullness {holy, Int+3}
  3108 | D:3      | Reached XP level 5. HP: 32/42 MP: 5/5
  3373 | D:4      | Reached skill level 5 in Long Blades
  3375 | D:4      | Noticed a +0 hand axe
  3585 | D:4      | Noticed a +0 hand axe
  3586 | D:4      | Found a hide-covered altar of Uskayaw.
  3632 | D:4      | Reached XP level 6. HP: 35/49 MP: 6/6
  3748 | D:4      | Found a white marble altar of Elyvilon.
  3771 | D:4      | Noticed a hornet
  3777 | D:4      | Paralysed by a hornet for 1 turns
  3783 | D:4      | HP: 1/49 [hornet (7)]
  3783 | D:4      | Slain by a hornet

Illustrated notes

Levels and vault maps discovered:
D:1:      minmay_arrival_split_and_join, layout_loops_ring,
          minmay_misc_feat_secret_circle
D:2:      layout_rooms, chequers_serial_rivers_micro_b
D:3:      layout_basic, kennysheep_generic_room_7
D:4:      layout_loops_ring, dancing_weapons_uskayaw, elyvilon_altar_3

Skill      XL: |  1  2  3  4  5 |
---------------+----------------+-----
Long Blades    | 1 2 3 4 5 |  5.6
Fighting       | 3 4 |  4.7
Short Blades   | |  2.1
Throwing       | |  2.0
Dodging        | |  1.1
Stealth        | |  3.6

Action                   |  1- 3 |  4- 6 || total
-------------------------+-------+-------++-------
Melee: Dagger            |   157 |    52 ||   209
       Falchion          |       |    59 ||    59
       Punch             |       |     1 ||     1
Throw: Dart              |       |     2 ||     2
 Stab: Sleeping          |     3 |     4 ||     7
Armor: Robe              |    47 |    10 ||    57
       Scale mail        |       |    23 ||    23
Dodge: Dodged            |   114 |    70 ||   184

Table legend: (Time is in decaauts)
 A = Elapsed time spent in this place.
 B = Non-inter-level travel time spent in this place.
 C = Inter-level travel time spent in this place.
 D = Time resting spent in this place.
 E = Time spent auto-exploring this place.
 F = Levels seen in this place.
 G = Mean time per level.
                   A        B        C        D        E       F      G
               +--------+--------+--------+--------+--------+-----+--------+
         Total |   4082 |   3992 |     90 |    852 |   2408 |   4 | 1020.5 |
       Dungeon |   4082 |   3992 |     90 |    852 |   2408 |   4 | 1020.5 |
               +--------+--------+--------+--------+--------+-----+--------+

Top non-repeatable levels by time:
     D:1: 1432 daAuts
     D:2: 1278 daAuts
     D:3: 1136 daAuts
     D:4: 235 daAuts
